AoeStats
← 放羊老汉

African Clearing

510531190Analyzed
4v4 RM · 1d ago on Oct 1, 2026· 55m 52s· 8 players
Game mode
Random Map
Map size
Large (8 player)
Population
200
Speed
Normal
Resources
Standard
Victory
Conquest
Starting age
Dark Age
Ending age
Imperial Age
RankedLock teamsTeams togetherTeam positionsShared explorationLock speedFull tech treeHidden civsTurbo modeCheats
Victory
Defeat
🇨🇳 Mongols · China
1372
+10
🇨🇳 Malians · China
1329
+12
🇭🇰 Jurchens · Hong Kong SAR China
1282
+14
🇫🇷 Japanese · France
1231
+16
🇨🇳 Franks · China
1426
-20
🇨🇳 Jurchens · China
1229
-13
🇨🇳 Koreans · China
1152
-10
🇨🇳 Chinese · China
1132
-9
TheLastOne
3:00 Loom
20:43 Feudal Age
25:24 Castle Age
25:23 Double-Bit Axe
25:45 Horse Collar
37:42 Wheelbarrow
36:53 Town Watch
45:28 Imperial Age
43:56 Masonry
43:57 Fortified Wall
44:13 Fletching
46:51 Architecture
51:02 Hand Cart
50:47 Town Patrol
53:37 Cavalier
54:18 Husbandry
54:29 Bloodlines
55:12 Farimba
55:33 Conscription
55:17 Farimba
放羊老汉
4:46 Loom
14:21 Feudal Age
15:27 Double-Bit Axe
15:24 Horse Collar
23:43 Castle Age
22:49 Stone Mining
23:09 Fletching
23:19 Padded Archer Armor
23:34 Gold Mining
24:47 Bow Saw
28:23 Heavy Plow
40:24 Imperial Age
41:04 Town Watch
48:56 Forging
48:52 Scale Barding Armor
50:26 Elite Iron Pagoda
53:02 Chain Barding Armor
53:17 Iron Casting
54:08 Iron Casting
Piquerito
8:34 Loom
14:10 Feudal Age
15:29 Double-Bit Axe
18:03 Castle Age
16:43 Fletching
17:42 Gold Mining
18:58 Bodkin Arrow
19:21 Bow Saw
21:22 Town Watch
21:48 Horse Collar
23:31 Husbandry
26:05 Heavy Plow
27:47 Ballistics
28:31 Thumb Ring
28:29 Padded Archer Armor
29:10 Wheelbarrow
33:20 Stone Mining
34:14 Hand Cart
37:02 Imperial Age
37:46 Bracer
38:13 Parthian Tactics
38:49 Chemistry
39:42 Leather Archer Armor
39:26 Heavy Cavalry Archer
41:36 Siege Engineers
43:08 Ring Archer Armor
44:26 Conscription
44:27 Treadmill Crane
45:48 Kataparuto
48:26 Masonry
_KKK
11:24 Loom
13:38 Feudal Age
15:09 Double-Bit Axe
18:24 Castle Age
16:41 Double-Bit Axe
17:58 Horse Collar
20:37 Fletching
34:49 Bodkin Arrow
36:09 Padded Archer Armor
43:10 Heavy Plow
44:24 Wheelbarrow
44:01 Bow Saw
49:10 Imperial Age
47:01 Hand Cart
46:33 Town Watch
49:12 Bloodlines
49:03 Husbandry
49:20 Leather Archer Armor
49:59 Bracer
50:26 Parthian Tactics
50:09 Thumb Ring
50:29 Conscription
50:17 Elite Mangudai
52:09 Ballistics
53:35 Chemistry
54:29 Scale Barding Armor
54:36 Forging
54:15 Light Cavalry
打咩哟~
7:41 Loom
13:54 Feudal Age
18:14 Castle Age
17:24 Double-Bit Axe
17:20 Horse Collar
27:35 Heavy Plow
31:00 Elite Skirmisher
33:21 Wheelbarrow
32:47 Fletching
32:58 Padded Archer Armor
35:04 Hand Cart
35:01 Bow Saw
37:25 Bodkin Arrow
37:46 Leather Archer Armor
37:33 Gold Mining
38:07 Bloodlines
37:57 Husbandry
37:57 Stone Mining
39:48 Gold Shaft Mining
40:15 Elite Skirmisher
48:12 Imperial Age
52:57 Elite Skirmisher
大清第一巴图鲁
4:27 Loom
14:27 Feudal Age
17:46 Gold Mining
17:44 Double-Bit Axe
21:41 Castle Age
20:45 Fletching
22:17 Stone Mining
24:26 Stone Shaft Mining
24:11 Crossbowman
28:32 Bow Saw
34:14 Wheelbarrow
38:09 Imperial Age
35:59 Bodkin Arrow
37:46 Gold Shaft Mining
42:28 Horse Collar
43:34 Padded Archer Armor
45:24 Two-Man Saw
44:59 Heavy Plow
45:05 Town Watch
46:13 Ballistics
48:30 Leather Archer Armor
51:15 Conscription
51:03 Thumb Ring
52:10 Hand Cart
52:54 Heavy Scorpion
53:54 Capped Ram
55:00 Elite Chu Ko Nu
qiufen40
10:06 Loom
13:11 Feudal Age
18:44 Castle Age
37:04 Horse Collar
37:12 Double-Bit Axe
39:05 Wheelbarrow
42:43 Imperial Age
40:33 Gold Mining
40:11 Crossbowman
40:20 Crossbowman
42:07 Fletching
42:56 Gold Shaft Mining
42:42 Pikeman
43:23 Squires
43:52 Thumb Ring
46:12 Chemistry
45:35 Arbalester
46:42 Bodkin Arrow
50:18 Conscription
执者如旗
9:47 Loom
12:30 Feudal Age
18:09 Castle Age
16:17 Scale Barding Armor
17:16 Double-Bit Axe
17:58 Forging
22:15 Chain Barding Armor
23:31 Husbandry
24:57 Wheelbarrow
25:46 Gold Mining
26:53 Bow Saw
28:59 Gold Shaft Mining
31:36 Hand Cart
32:36 Hand Cart
47:28 Imperial Age
45:41 Iron Casting
47:29 Cavalier
48:47 Plate Barding Armor
50:43 Paladin
53:00 Conscription
54:04 Blast Furnace
Connection lost

Rejoining the realm…

Still unreachable

The connection could not be restored.

Session expired

The server has moved on; the page needs a fresh start.